[Event "Almaty Open 2019"]
[Site "Almaty"]
[Date "2019.10.13"]
[Round "8.1"]
[White "Fier, Alexandr"]
[Black "Harutyunian, Tigran K."]
[Result "1/2-1/2"]
[ECO "D38"]
[WhiteElo "2541"]
[BlackElo "2535"]
[Annotator "RC"]
[PlyCount "153"]
[EventDate "2019.10.07"]
[EventType "swiss"]
[EventCountry "KAZ"]
[SourceTitle "playchess.com"]
[Source "ChessBase"]
[SourceQuality "1"]
[TimeControl "5400+30"]

1. d4 Nf6 2. c4 e6 3. Nf3 d5 4. Nc3 Bb4 5. Qb3 Be7 6. cxd5 exd5 7. Bg5 c6 8. e3 O-O 9. Bd3 Nbd7 10. Qc2 Re8 11. O-O Nf8 12. h3 Nh5 13. Bxe7 Qxe7 14. Rab1 a5 15. a3 Nf6 16. b4 Be6 17. Na4 axb4 18. axb4 Ne4 19. Nc5 Nd6 20. Rfc1 Rec8 21. Qb2 b6 22. Nxe6 Nxe6 23. b5 c5 24. dxc5 bxc5 25. Qe5 c4 26. Be2 Rc5 27. Nd4 Re8 28. b6 Nxd4 29. Qxd4 Nb5 30. Qd2 Rb8 31. Ra1 g6 32. Ra6 Qd6 33. Bf3 Rxb6 34. Rxb6 Qxb6 35. Bxd5 Qd6 36. e4 c3 37. Qd3 Qe5 38. Qe3 Qd4 39. Kf1 Qb4 40. Qf4 Rc7 41. Qf6 Qc5 42. g4 c2 43. g5 Qd4 44. Ke2 Nc3+ 45. Kf3 Qd1+ 46. Kg2 Nxd5 47. Qd8+ Kg7 48. exd5 Rd7 49. Rxd1 Rxd8 50. Rc1 Rc8 51. d6 Rc5 52. d7 Rxg5+ 53. Kf3 Rd5 54. Rxc2 Rxd7 55. Rc5 Rd3+ 56. Kg2 h6 57. h4 Kf6 58. f3 Ke6 59. Kg3 Rd5 60. Rc7 h5 61. Ra7 f6 62. Rg7 Kf5 63. Rf7 Rd8 64. Ra7 Rd5 65. Rf7 Rd1 66. Ra7 g5 67. Ra5+ Kg6 68. hxg5 Rg1+ 69. Kf2 Rxg5 70. Ra4 Rb5 71. Kg3 Kg5 72. Rc4 Rb3 73. Rc5+ f5 74. Rc4 Rb1 75. f4+ Kf6 76. Rc6+ Kf7 77. Kh4 1/2-1/2

[Event "Almaty Open 2019"]
[Site "Almaty"]
[Date "2019.10.13"]
[Round "8.2"]
[White "Rakhimzhan, Alen"]
[Black "Igambergenov, Alibek"]
[Result "1-0"]
[ECO "E50"]
[WhiteElo "2303"]
[BlackElo "2402"]
[Annotator "NA"]
[PlyCount "61"]
[EventDate "2019.10.07"]
[EventType "swiss"]
[EventCountry "KAZ"]
[SourceTitle "playchess.com"]
[Source "ChessBase"]
[SourceQuality "1"]
[TimeControl "5400+30"]

1. d4 Nf6 2. c4 e6 3. Nc3 Bb4 4. e3 O-O 5. Nf3 b6 6. Bd2 Bb7 7. Bd3 d5 8. cxd5 exd5 9. O-O Nbd7 10. Rc1 a6 11. Ne5 Nxe5 12. dxe5 Nd7 13. f4 Nc5 14. Bxh7+ Kxh7 15. Qh5+ Kg8 16. Rf3 f5 17. Rh3 Ne6 18. Be1 Bxc3 19. bxc3 Qd7 20. g4 fxg4 21. Qh7+ Kf7 22. Rh5 Ke8 23. f5 Qf7 24. Bh4 Nc5 25. Rg5 Rg8 26. Rf1 d4 27. e6 Nxe6 28. fxe6 Qxe6 29. exd4 Qxa2 30. Re1+ Kd7 31. Qf5+ 1-0

[Event "Almaty Open 2019"]
[Site "Almaty"]
[Date "2019.10.13"]
[Round "8.3"]
[White "Makhnev, Denis"]
[Black "Smirnov, Pavel"]
[Result "1/2-1/2"]
[ECO "E06"]
[WhiteElo "2478"]
[BlackElo "2556"]
[Annotator "ChessBase"]
[PlyCount "88"]
[EventDate "2019.10.07"]
[EventType "swiss"]
[EventCountry "KAZ"]
[SourceTitle "playchess.com"]
[Source "ChessBase"]
[SourceQuality "1"]
[TimeControl "5400+30"]

1. d4 d5 2. c4 e6 3. Nf3 Nf6 4. g3 Be7 5. Bg2 O-O 6. O-O c6 7. Qc2 b6 8. Nbd2 Bb7 9. e4 Na6 10. a3 dxc4 11. e5 Nd5 12. Nxc4 c5 13. dxc5 Nxc5 14. b4 Nd7 15. Bb2 Rc8 16. Qb3 b5 17. Na5 Nc5 18. Qd1 Ba8 19. Rc1 Na4 20. Qe2 Nxb2 21. Qxb2 Qd7 22. Nd4 a6 23. Ndb3 Rxc1 24. Rxc1 Rc8 25. Rc2 Rxc2 26. Qxc2 Bd8 27. Nc5 Qc8 28. Nab3 Bb6 29. Qd3 Bc6 30. Be4 h6 31. Qc2 Qc7 32. Nd3 Ne7 33. Bg2 Qb7 34. Bxc6 Nxc6 35. Ndc5 Qa8 36. Nd7 Ba7 37. Qe4 Qc8 38. Nbc5 a5 39. Kg2 axb4 40. axb4 Ne7 41. Qb7 Qc6+ 42. f3 Qxb7 43. Nxb7 Nd5 44. Nd6 Nxb4 1/2-1/2

[Event "Almaty Open 2019"]
[Site "Almaty"]
[Date "2019.10.13"]
[Round "8.4"]
[White "Hamitevici, Vladimir"]
[Black "Utegaliyev, Azamat"]
[Result "0-1"]
[ECO "B06"]
[WhiteElo "2472"]
[BlackElo "2503"]
[Annotator "ChessBase"]
[PlyCount "78"]
[EventDate "2019.10.07"]
[EventType "swiss"]
[EventCountry "KAZ"]
[SourceTitle "playchess.com"]
[Source "ChessBase"]
[SourceQuality "1"]
[TimeControl "5400+30"]

1. Nf3 g6 2. d4 Bg7 3. e4 d6 4. c3 Nd7 5. Bd3 b6 6. O-O Bb7 7. Re1 e6 8. h3 a6 9. Bf4 Ne7 10. a4 h6 11. h4 O-O 12. Na3 Nf6 13. Bg3 Ng4 14. Nd2 Nf6 15. Bh2 h5 16. f3 c5 17. Nc2 Ne8 18. Bg3 d5 19. e5 c4 20. Bf1 Nf5 21. Bf2 Nxh4 22. Ne3 Bh6 23. g3 Nf5 24. Ng2 Qg5 25. Nb1 Qd8 26. g4 hxg4 27. fxg4 Nfg7 28. Bh4 Bg5 29. Bg3 f5 30. exf6 Nxf6 31. Nd2 Nxg4 32. Qxg4 Bxd2 33. Qxg6 Bxe1 34. Be5 Bf2+ 35. Kh2 Qe7 36. Be2 Rf5 37. Bg4 Rg5 38. Bxe6+ Kf8 39. Nf4 Bg3+ 0-1

[Event "Almaty Open 2019"]
[Site "Almaty"]
[Date "2019.10.13"]
[Round "8.5"]
[White "Kostenko, Petr"]
[Black "Khusenkhojaev, Muhammad"]
[Result "1-0"]
[ECO "B90"]
[WhiteElo "2462"]
[BlackElo "2434"]
[Annotator "ChessBase"]
[PlyCount "68"]
[EventDate "2019.10.07"]
[EventType "swiss"]
[EventCountry "KAZ"]
[SourceTitle "playchess.com"]
[Source "ChessBase"]
[SourceQuality "1"]
[TimeControl "5400+30"]

1. e4 c5 2. Nf3 d6 3. d4 cxd4 4. Nxd4 Nf6 5. Nc3 a6 6. Be3 e5 7. Nb3 Be7 8. f3 Be6 9. Qd2 Nbd7 10. g4 O-O 11. Rg1 b5 12. g5 Nh5 13. a4 b4 14. Nd5 Bxd5 15. exd5 Qc7 16. a5 f5 17. gxf6 Bxf6 18. O-O-O Qb7 19. Kb1 Nf4 20. Rg4 Rab8 21. Bxf4 exf4 22. Rxf4 Be5 23. Rxf8+ Rxf8 24. Qe2 Nb8 25. Bh3 Kh8 26. Bg4 Qf7 27. Nd4 h5 28. Be6 Qf4 29. Nc6 Bf6 30. Qe4 Qxh2 31. Qxb4 Qe2 32. Re1 Qxf3 33. Nxb8 h4 34. Nd7 Ra8 1-0

[Event "Almaty Open 2019"]
[Site "Almaty"]
[Date "2019.10.13"]
[Round "8.6"]
[White "Dzhumaev, Marat"]
[Black "Moisseyenko, Ilya"]
[Result "1-0"]
[ECO "B26"]
[WhiteElo "2428"]
[BlackElo "2264"]
[Annotator "NA"]
[PlyCount "71"]
[EventDate "2019.10.07"]
[EventType "swiss"]
[EventCountry "KAZ"]
[SourceTitle "playchess.com"]
[Source "ChessBase"]
[SourceQuality "1"]
[TimeControl "5400+30"]

1. e4 c5 2. Nc3 d6 3. g3 g6 4. Bg2 Bg7 5. d3 Nc6 6. Be3 e6 7. Qd2 Nd4 8. Nd1 Ne7 9. c3 Ndc6 10. Bh6 O-O 11. Bxg7 Kxg7 12. Ne3 b5 13. Ne2 b4 14. O-O bxc3 15. bxc3 Ba6 16. f4 f5 17. exf5 gxf5 18. Rae1 Qd7 19. c4 e5 20. g4 fxg4 21. f5 Kh8 22. Ng3 Bb7 23. Nxg4 Nxf5 24. Nxf5 Rxf5 25. Rxf5 Qxf5 26. h3 Rd8 27. Be4 Qd7 28. Qg2 Na5 29. Rf1 Rg8 30. Kh2 h5 31. Rf6 Qg7 32. Qd2 Bxe4 33. dxe4 Rf8 34. Rh6+ Kg8 35. Qd5+ Rf7 36. Nf6+ 1-0

[Event "Almaty Open 2019"]
[Site "Almaty"]
[Date "2019.10.13"]
[Round "8.7"]
[White "Barsov, Alexei"]
[Black "Serikbay, Chingiz"]
[Result "1/2-1/2"]
[ECO "A50"]
[WhiteElo "2365"]
[BlackElo "2298"]
[Annotator "NA"]
[PlyCount "51"]
[EventDate "2019.10.07"]
[EventType "swiss"]
[EventCountry "KAZ"]
[SourceTitle "playchess.com"]
[Source "ChessBase"]
[SourceQuality "1"]
[TimeControl "5400+30"]

1. d4 Nf6 2. c4 c6 3. Nc3 d5 4. cxd5 cxd5 5. Bf4 Nc6 6. e3 a6 7. Bd3 Bg4 8. Nge2 e6 9. O-O Be7 10. Rc1 O-O 11. Na4 Nd7 12. Qb3 e5 13. dxe5 Ndxe5 14. Nd4 Nxd4 15. exd4 Nxd3 16. Qxd3 Qa5 17. Qb3 Rac8 18. Qxb7 Rxc1 19. Rxc1 Bf6 20. Nc3 Bxd4 21. Nxd5 Qxa2 22. Bd6 Re8 23. Qc6 Rd8 24. Qc7 Re8 25. Qc6 Rd8 26. Qc7 1/2-1/2

[Event "Almaty Open 2019"]
[Site "Almaty"]
[Date "2019.10.13"]
[Round "8.8"]
[White "Kenzhalin, Nursultan"]
[Black "Amanov, Zhanibek"]
[Result "0-1"]
[ECO "E11"]
[WhiteElo "2185"]
[BlackElo "2339"]
[Annotator "NA"]
[PlyCount "108"]
[EventDate "2019.10.07"]
[EventType "swiss"]
[EventCountry "KAZ"]
[SourceTitle "playchess.com"]
[Source "ChessBase"]
[SourceQuality "1"]
[TimeControl "5400+30"]

1. d4 Nf6 2. c4 e6 3. Nf3 Bb4+ 4. Bd2 a5 5. a3 Bxd2+ 6. Nbxd2 a4 7. e3 d6 8. Bd3 Qe7 9. O-O O-O 10. Rc1 e5 11. Qc2 Re8 12. e4 Bg4 13. c5 Nbd7 14. dxe5 Nxe5 15. Nxe5 dxe5 16. h3 Bd7 17. Be2 Bc6 18. Rfe1 Red8 19. Bf3 Rd4 20. Nf1 Rad8 21. Rcd1 Rxd1 22. Rxd1 Rxd1 23. Qxd1 Nd7 24. Ne3 Nxc5 25. Nf5 Qf6 26. Qc2 b6 27. Qc4 g6 28. Ne3 Kg7 29. Ng4 Qd6 30. Qc1 h5 31. Qh6+ Kg8 32. Ne3 Bxe4 33. Be2 Ne6 34. Bf1 Qf8 35. Qxf8+ Kxf8 36. Bb5 Nc5 37. f3 Bb7 38. Kf2 c6 39. Be2 b5 40. Nd1 Ke7 41. h4 f5 42. g3 f4 43. Nc3 Bc8 44. Na2 Be6 45. Nb4 Kd6 46. gxf4 exf4 47. Bd3 Bf7 48. Be4 Nxe4+ 49. fxe4 Bc4 50. e5+ Kxe5 51. Nxc6+ Ke4 52. Ne7 Kd3 53. Nxg6 Kc2 54. Nxf4 Kxb2 0-1

[Event "Almaty Open 2019"]
[Site "Almaty"]
[Date "2019.10.13"]
[Round "8.9"]
[White "Mezentsev, Ivan"]
[Black "Stupak, Kirill"]
[Result "0-1"]
[ECO "A04"]
[WhiteElo "2351"]
[BlackElo "2551"]
[Annotator "ChessBase"]
[PlyCount "111"]
[EventDate "2019.10.07"]
[EventType "swiss"]
[EventCountry "KAZ"]
[SourceTitle "playchess.com"]
[Source "ChessBase"]
[SourceQuality "1"]
[TimeControl "5400+30"]

1. Nf3 g6 2. c4 Bg7 3. Nc3 c5 4. d4 cxd4 5. Nxd4 Nc6 6. e3 Nf6 7. Be2 O-O 8. Nf3 d6 9. O-O Bf5 10. Bd2 d5 11. Rc1 dxc4 12. Bxc4 Rc8 13. Qa4 a6 14. Be2 Qb6 15. e4 Be6 16. Qa3 Qb4 17. Qxb4 Nxb4 18. a3 Na2 19. Nxa2 Bxa2 20. e5 Nd7 21. Bb4 Nxe5 22. Bxe7 Rfe8 23. Rxc8 Rxc8 24. Bg5 Rc2 25. Nd4 Rxb2 26. Bc1 Rb1 27. f4 Nd3 28. Bxd3 Bxd4+ 29. Kh1 Ra1 30. Bd2 Rxf1+ 31. Bxf1 b5 32. Bd3 f5 33. h3 Bd5 34. Kh2 Bb2 35. Bb4 Bc1 36. Kg3 Kf7 37. h4 Ke6 38. h5 gxh5 39. Be2 h4+ 40. Kxh4 Bxg2 41. Kg5 Be4 42. a4 bxa4 43. Bxa6 h6+ 44. Kxh6 Bxf4+ 45. Kg6 Be3 46. Bc8+ Ke5 47. Bd7 Bc2 48. Bc3+ Kf4 49. Kf6 a3 50. Be5+ Kg4 51. Be6 Bc1 52. Bd6 Bb2+ 53. Be5 Bb1 54. Bb3 Bxe5+ 55. Kxe5 a2 56. Kd4 0-1

[Event "Almaty Open 2019"]
[Site "Almaty"]
[Date "2019.10.13"]
[Round "8.10"]
[White "Bekturov, Tamerlan"]
[Black "Urazayev, Arystanbek"]
[Result "0-1"]
[ECO "E04"]
[WhiteElo "2226"]
[BlackElo "2420"]
[Annotator "NA"]
[PlyCount "149"]
[EventDate "2019.10.07"]
[EventType "swiss"]
[EventCountry "KAZ"]
[SourceTitle "playchess.com"]
[Source "ChessBase"]
[SourceQuality "1"]
[TimeControl "5400+30"]

1. d4 Nf6 2. c4 e6 3. g3 d5 4. Bg2 dxc4 5. Nf3 Bd7 6. Ne5 Bc6 7. Nxc6 Nxc6 8. e3 Qd7 9. O-O Rd8 10. Qa4 Nb4 11. Qxd7+ Rxd7 12. Na3 c5 13. dxc5 Bxc5 14. Nxc4 Nd3 15. b3 O-O 16. Ba3 Bxa3 17. Nxa3 Rfd8 18. Rfd1 g5 19. Rd2 Nc5 20. Rxd7 Rxd7 21. Rc1 b6 22. Nc4 h5 23. Ne5 Rd2 24. b4 Nd3 25. Nxd3 Rxd3 26. Rc2 Rd1+ 27. Bf1 g4 28. Kg2 Ne4 29. Be2 Rb1 30. b5 Nc5 31. h3 f5 32. hxg4 hxg4 33. f3 gxf3+ 34. Kxf3 Rb4 35. Bc4 Kf7 36. g4 Nd7 37. Be2 Ne5+ 38. Kf2 fxg4 39. Kg3 Kf6 40. Rd2 Re4 41. Kf2 Ra4 42. Kg3 Kg5 43. Rd4 Rxa2 44. Bxg4 Nxg4 45. Rxg4+ Kf5 46. Rh4 Ke5 47. Kf3 Kd5 48. Rh5+ Kd6 49. Ke4 Ra5 50. Rh7 Ra4+ 51. Kd3 Kd5 52. Rd7+ Kc5 53. Re7 Kxb5 54. Rxe6 Kc5 55. Re5+ Kd6 56. Rh5 Ra1 57. Kd4 Kc6 58. Rh6+ Kb5 59. e4 a5 60. e5 Rd1+ 61. Ke4 a4 62. Rh3 Kc5 63. Rc3+ Kb4 64. Re3 a3 65. e6 Rd8 66. Ke5 a2 67. Re1 b5 68. e7 Re8 69. Kd6 Ka3 70. Re3+ Ka4 71. Re1 b4 72. Kc5 b3 73. Re6 Ka3 74. Re1 Rxe7 75. Kd5 0-1

[Event "Almaty Open 2019"]
[Site "Almaty"]
[Date "2019.10.13"]
[Round "8.11"]
[White "Isanzhulov, Arystan"]
[Black "Simantsev, Mikhail"]
[Result "0-1"]
[ECO "B40"]
[WhiteElo "2305"]
[BlackElo "2365"]
[Annotator "NA"]
[PlyCount "98"]
[EventDate "2019.10.07"]
[EventType "swiss"]
[EventCountry "KAZ"]
[SourceTitle "playchess.com"]
[Source "ChessBase"]
[SourceQuality "1"]
[TimeControl "5400+30"]

1. e4 c5 2. Nf3 e6 3. g3 Nc6 4. Bg2 Nf6 5. Qe2 d5 6. exd5 Nxd5 7. O-O g6 8. Nc3 Bg7 9. Nxd5 Qxd5 10. d3 O-O 11. a4 b6 12. a5 Bb7 13. Ne1 Qd7 14. a6 Nd4 15. Qd1 Bxg2 16. Kxg2 Rfd8 17. c3 Qd5+ 18. f3 Nb3 19. Bg5 Rd7 20. c4 Qxg5 21. Qxb3 Rad8 22. Rd1 h5 23. Qc2 h4 24. Qe2 hxg3 25. hxg3 Qf5 26. Rh1 Rd6 27. Rd2 R8d7 28. Rh2 Qg5 29. Rh1 Qd8 30. Qd1 Rd4 31. Qa4 e5 32. Re2 R4d6 33. Qc2 f5 34. Rh3 Rd4 35. Qa4 e4 36. fxe4 fxe4 37. Rh4 exd3 38. Rxd4 Bxd4 39. Re6 d2 40. Nf3 Bg7 41. Qd1 Rd3 42. Re2 Bh6 43. Re6 Kh7 44. g4 Qa8 45. Re7+ Kg8 46. Rb7 Qe8 47. g5 Qe4 48. gxh6 Qg4+ 49. Kf2 Rxf3+ 0-1

[Event "Almaty Open 2019"]
[Site "Almaty"]
[Date "2019.10.13"]
[Round "8.12"]
[White "Tologontegin, Semetey"]
[Black "Balabayeva, Xeniya"]
[Result "1-0"]
[ECO "A05"]
[WhiteElo "2384"]
[BlackElo "1986"]
[Annotator "NA"]
[PlyCount "55"]
[EventDate "2019.10.07"]
[EventType "swiss"]
[EventCountry "KAZ"]
[SourceTitle "playchess.com"]
[Source "ChessBase"]
[SourceQuality "1"]
[TimeControl "5400+30"]

1. Nf3 Nf6 2. b3 d5 3. Bb2 e6 4. e3 c5 5. c4 Nc6 6. cxd5 exd5 7. h3 a6 8. d4 cxd4 9. Nxd4 Bb4+ 10. Bc3 Qa5 11. Qd2 Bxc3 12. Nxc3 O-O 13. Be2 Be6 14. O-O Rac8 15. Rfc1 Rc7 16. a3 b5 17. a4 b4 18. Na2 Rfc8 19. Nxc6 Rxc6 20. Rxc6 Rxc6 21. Qxb4 Qc7 22. Bd3 Rb6 23. Qa5 Qb7 24. Nb4 Nd7 25. Nxa6 Qa7 26. b4 g6 27. Rc1 Ne5 28. Rc7 1-0

[Event "Almaty Open 2019"]
[Site "Almaty"]
[Date "2019.10.13"]
[Round "8.13"]
[White "Sisabayev, Kuanysh"]
[Black "Nukin, Tolegen"]
[Result "1/2-1/2"]
[ECO "D32"]
[WhiteElo "2289"]
[BlackElo "2104"]
[Annotator "NA"]
[PlyCount "29"]
[EventDate "2019.10.07"]
[EventType "swiss"]
[EventCountry "KAZ"]
[SourceTitle "playchess.com"]
[Source "ChessBase"]
[SourceQuality "1"]
[TimeControl "5400+30"]

1. d4 d5 2. c4 e6 3. Nc3 c5 4. Nf3 Nc6 5. cxd5 exd5 6. e3 Nf6 7. Be2 cxd4 8. Nxd4 Bd6 9. Bf3 Be5 10. O-O O-O 11. b3 Nxd4 12. exd4 Bxh2+ 13. Kxh2 Qc7+ 14. Kg1 Qxc3 15. Ba3 1/2-1/2

[Event "Almaty Open 2019"]
[Site "Almaty"]
[Date "2019.10.13"]
[Round "8.14"]
[White "Igen, Amir"]
[Black "Dauletova, Gulmira"]
[Result "0-1"]
[ECO "E20"]
[WhiteElo "1934"]
[BlackElo "2259"]
[Annotator "NA"]
[PlyCount "76"]
[EventDate "2019.10.07"]
[EventType "swiss"]
[EventCountry "KAZ"]
[SourceTitle "playchess.com"]
[Source "ChessBase"]
[SourceQuality "1"]
[TimeControl "5400+30"]

1. d4 Nf6 2. c4 e6 3. Nc3 Bb4 4. Bd2 O-O 5. Nf3 d5 6. e3 a6 7. a3 Be7 8. Bd3 dxc4 9. Bxc4 c5 10. dxc5 Bxc5 11. Qc2 Nc6 12. Bd3 h6 13. O-O Ba7 14. Ne4 Nd5 15. Nc5 Qd6 16. Rac1 Ne5 17. Nxe5 Qxe5 18. f4 Qf6 19. Ne4 Qh4 20. Nc5 Rd8 21. g3 Qh5 22. Rf2 Nf6 23. b4 Ng4 24. Rg2 b6 25. Na4 Bb7 26. Be4 Rac8 27. Nc3 Bxe4 28. Qxe4 b5 29. Kh1 Nf6 30. Qb7 Ra8 31. e4 Bd4 32. e5 Bxc3 33. Bxc3 Nd5 34. Bd4 Qf3 35. Bc5 Qxa3 36. Rgc2 Rab8 37. Qc6 Rbc8 38. Qb7 Rc7 0-1

[Event "Almaty Open 2019"]
[Site "Almaty"]
[Date "2019.10.13"]
[Round "8.15"]
[White "Kairbekova, Amina"]
[Black "Malygin, Vladislav"]
[Result "1/2-1/2"]
[ECO "C54"]
[WhiteElo "2096"]
[BlackElo "1941"]
[Annotator "NA"]
[PlyCount "57"]
[EventDate "2019.10.07"]
[EventType "swiss"]
[EventCountry "KAZ"]
[SourceTitle "playchess.com"]
[Source "ChessBase"]
[SourceQuality "1"]
[TimeControl "5400+30"]

1. e4 e5 2. Nf3 Nc6 3. Bc4 Bc5 4. c3 Nf6 5. d4 exd4 6. e5 d5 7. Be2 Ne4 8. cxd4 Be7 9. O-O O-O 10. Nc3 f6 11. Be3 fxe5 12. dxe5 Nxc3 13. bxc3 Bg4 14. h3 Bh5 15. Nd4 Nxd4 16. cxd4 Bxe2 17. Qxe2 Qd7 18. f4 Rac8 19. g4 c5 20. Qf2 cxd4 21. Bxd4 Qa4 22. Rfd1 Rc2 23. Qf3 Qc4 24. f5 Bc5 25. Bxc5 Qxc5+ 26. Kh1 d4 27. Re1 Rc3 28. Qg2 Rc2 29. Qf3 1/2-1/2

[Event "Almaty Open 2019"]
[Site "Almaty"]
[Date "2019.10.13"]
[Round "8.16"]
[White "Zhukenov, Aituar"]
[Black "Zhakshylykov, Erzhan"]
[Result "1-0"]
[ECO "B90"]
[WhiteElo "2196"]
[BlackElo "1999"]
[Annotator "NA"]
[PlyCount "81"]
[EventDate "2019.10.07"]
[EventType "swiss"]
[EventCountry "KAZ"]
[SourceTitle "playchess.com"]
[Source "ChessBase"]
[SourceQuality "1"]
[TimeControl "5400+30"]

1. e4 c5 2. Nf3 d6 3. d4 cxd4 4. Nxd4 Nf6 5. Nc3 a6 6. h3 e5 7. Nde2 h5 8. g3 b5 9. Bg2 Bb7 10. O-O Nbd7 11. a4 Nc5 12. axb5 axb5 13. Rxa8 Qxa8 14. Nxb5 Qb8 15. Nbc3 Ncxe4 16. Nxe4 Nxe4 17. Qd3 Qa8 18. Re1 Qa5 19. Nc3 Nc5 20. Qc4 Bxg2 21. Kxg2 Be7 22. Be3 Qa6 23. Qxa6 Nxa6 24. Nd5 Bd8 25. Ra1 Nc7 26. Nxc7+ Bxc7 27. Ra8+ Bd8 28. Bb6 Kd7 29. c4 Re8 30. Rxd8+ Rxd8 31. Bxd8 Kxd8 32. Kf3 f5 33. g4 hxg4+ 34. hxg4 g6 35. gxf5 gxf5 36. Kg3 Kd7 37. Kh4 Kc6 38. b4 f4 39. Kg4 Kb6 40. Kf3 Kc6 41. Ke4 {[%emt 0:00:02] Kd5+} 1-0

[Event "Almaty Open 2019"]
[Site "Almaty"]
[Date "2019.10.13"]
[Round "8.17"]
[White "Baimurzin, Aitkazy"]
[Black "Bizhigitov, Zhangir"]
[Result "0-1"]
[ECO "A05"]
[WhiteElo "2036"]
[BlackElo "2018"]
[Annotator "NA"]
[PlyCount "92"]
[EventDate "2019.10.07"]
[EventType "swiss"]
[EventCountry "KAZ"]
[SourceTitle "playchess.com"]
[Source "ChessBase"]
[SourceQuality "1"]
[TimeControl "5400+30"]

1. Nf3 Nf6 2. g3 g6 3. c4 Bg7 4. Bg2 O-O 5. O-O d6 6. Nc3 e5 7. d3 Nc6 8. Rb1 a5 9. a3 h6 10. b4 axb4 11. axb4 Be6 12. Nd2 d5 13. b5 Ne7 14. Qb3 Re8 15. Ba3 dxc4 16. Nxc4 Ned5 17. Bb2 Nxc3 18. Qxc3 Nd5 19. Qc2 Nb4 20. Qd2 Bxc4 21. Qxb4 Bd5 22. Qc5 Bxg2 23. Kxg2 Bf8 24. Qc4 Bd6 25. e4 Qe7 26. f4 Qe6 27. Qc3 Qd7 28. f5 Qxb5 29. fxg6 fxg6 30. Qd2 Ra2 31. Qxh6 Re6 32. Rf2 Qe8 33. Rbf1 Bc5 34. Re2 Rb6 35. Qc1 Bd4 36. Qc4+ Qe6 37. Qxc7 Rbxb2 38. Qd8+ Kh7 39. Rxb2 Rxb2+ 40. Kh1 Rf2 41. Qc7+ Kh6 42. Rxf2 Bxf2 43. Qxb7 Qh3 44. Qb1 Bxg3 45. Qg1 Bf4 46. Qf2 Qg4 0-1

[Event "Almaty Open 2019"]
[Site "Almaty"]
[Date "2019.10.13"]
[Round "8.18"]
[White "Kembayev, Bakhytzhan"]
[Black "Nurgaliyev, Sauat"]
[Result "1-0"]
[ECO "E06"]
[WhiteElo "2119"]
[BlackElo "1995"]
[Annotator "NA"]
[PlyCount "135"]
[EventDate "2019.10.07"]
[EventType "swiss"]
[EventCountry "KAZ"]
[SourceTitle "playchess.com"]
[Source "ChessBase"]
[SourceQuality "1"]
[TimeControl "5400+30"]

1. Nf3 Nf6 2. d4 e6 3. c4 d5 4. g3 Be7 5. Bg2 O-O 6. O-O dxc4 7. Qc2 a6 8. a4 Bd7 9. Qxc4 Bc6 10. Bg5 Nbd7 11. Rd1 Nb6 12. Qc2 Nbd5 13. Bxf6 Bxf6 14. Nbd2 Nb4 15. Qc1 Qd5 16. e4 Qh5 17. a5 Rac8 18. Qc3 Be7 19. Ne5 Bb5 20. Bf3 Qh6 21. Nb3 b6 22. h4 c5 23. dxc5 bxc5 24. Nd7 Bxd7 25. Rxd7 Rfe8 26. Rad1 Bf8 27. e5 c4 28. Nd2 Na2 29. Qd4 c3 30. bxc3 Nxc3 31. Re1 Bc5 32. Qd3 Bb4 33. Bb7 Rb8 34. Ra1 Qh5 35. Nf3 h6 36. Kg2 Qg4 37. Rd4 Qxd4 38. Nxd4 Rxb7 39. Nc6 Nd5 40. Qxa6 Rc7 41. Nxb4 Nxb4 42. Qb5 Nc6 43. Rc1 Rec8 44. a6 Kh7 45. Qb6 h5 46. a7 Rxa7 47. Rxc6 Rxc6 48. Qxa7 Kg6 49. Qe7 Rc8 50. Qg5+ Kh7 51. Qxh5+ Kg8 52. Qg5 Kh7 53. h5 Ra8 54. Qe7 Kg8 55. g4 Rb8 56. g5 Ra8 57. g6 Rf8 58. Kg3 fxg6 59. hxg6 Ra8 60. Qxe6+ Kh8 61. Qh3+ Kg8 62. Qh7+ Kf8 63. Qh8+ Ke7 64. Qxg7+ Ke6 65. Qf6+ Kd7 66. Qd6+ Kc8 67. g7 Kb7 68. Qd5+ 1-0

[Event "Almaty Open 2019"]
[Site "Almaty"]
[Date "2019.10.14"]
[Round "9.2"]
[White "Harutyunian, Tigran K."]
[Black "Igambergenov, Alibek"]
[Result "1-0"]
[ECO "E18"]
[WhiteElo "2535"]
[BlackElo "2402"]
[Annotator "RC"]
[PlyCount "105"]
[EventDate "2019.10.07"]
[EventType "swiss"]
[EventCountry "KAZ"]
[SourceTitle "playchess.com"]
[Source "ChessBase"]
[SourceQuality "1"]
[TimeControl "5400+30"]

1. d4 Nf6 2. Nf3 e6 3. c4 b6 4. g3 Bb7 5. Bg2 Be7 6. O-O O-O 7. Nc3 Ne4 8. Bd2 d5 9. cxd5 exd5 10. Rc1 Nd7 11. Bf4 Ndf6 12. Bxc7 Qe8 13. Bf4 Nxc3 14. Rxc3 Ne4 15. Rc7 Ba6 16. Nd2 Bd6 17. Bxd6 Nxd6 18. Re1 Nb5 19. Rc1 Nxd4 20. e3 Ne6 21. Bxd5 Rd8 22. e4 Nc5 23. Re3 Qe5 24. Rcc3 Rxd5 25. exd5 Qxd5 26. Qc2 Rd8 27. Nf3 h6 28. b4 Ne6 29. a4 Qh5 30. Qe4 Rd7 31. h4 Bb7 32. g4 Bxe4 33. gxh5 Rd1+ 34. Kh2 f5 35. Re1 Rd5 36. Ng1 Rd4 37. f3 Bd5 38. Re5 Nf4 39. Rxf5 Be6 40. Re5 Rxb4 41. Kg3 Bf7 42. Re4 Nxh5+ 43. Kf2 Rb2+ 44. Ne2 a5 45. Re7 Bg6 46. Ke3 Rb4 47. Nd4 Nf6 48. Rc8+ Kh7 49. Rd8 Ng8 50. Rb7 Rb1 51. Rdd7 Kh8 52. Rxg7 Rg1 53. h5 1-0

[Event "Almaty Open 2019"]
[Site "Almaty"]
[Date "2019.10.14"]
[Round "9.3"]
[White "Utegaliyev, Azamat"]
[Black "Kostenko, Petr"]
[Result "0-1"]
[ECO "C00"]
[WhiteElo "2503"]
[BlackElo "2462"]
[Annotator "RC"]
[PlyCount "74"]
[EventDate "2019.10.07"]
[EventType "swiss"]
[EventCountry "KAZ"]
[SourceTitle "playchess.com"]
[Source "ChessBase"]
[SourceQuality "1"]
[TimeControl "5400+30"]

1. e4 e6 2. d4 d5 3. Bd3 dxe4 4. Bxe4 Nf6 5. Bf3 Be7 6. Ne2 O-O 7. Nbc3 c5 8. O-O cxd4 9. Qxd4 Qa5 10. Bd2 Nc6 11. Bxc6 bxc6 12. Qa4 Qc7 13. Ne4 Nd5 14. c4 Nb6 15. Qa5 c5 16. b3 Bb7 17. N4c3 Bd6 18. Ng3 h5 19. Nb5 Qc6 20. f3 h4 21. Ne4 Be7 22. h3 f5 23. Nf2 a6 24. Nc3 Rad8 25. Rfd1 Nd7 26. Qa4 Qc7 27. Ne2 Ne5 28. Ba5 Rxd1+ 29. Rxd1 Qb8 30. Nd3 Bc6 31. Qa3 Nxd3 32. Rxd3 e5 33. Rd1 Rf6 34. Nc3 e4 35. fxe4 fxe4 36. Ne2 e3 37. b4 Qe5 0-1

[Event "Almaty Open 2019"]
[Site "Almaty"]
[Date "2019.10.14"]
[Round "9.4"]
[White "Smirnov, Pavel"]
[Black "Dzhumaev, Marat"]
[Result "*"]
[ECO "A81"]
[WhiteElo "2556"]
[BlackElo "2428"]
[Annotator "RC"]
[PlyCount "90"]
[EventDate "2019.10.07"]
[EventType "swiss"]
[EventCountry "KAZ"]
[SourceTitle "playchess.com"]
[Source "ChessBase"]
[SourceQuality "1"]
[TimeControl "5400+30"]

1. d4 f5 2. g3 Nf6 3. Bg2 g6 4. Nf3 Bg7 5. O-O a5 6. c4 O-O 7. Nc3 d6 8. b3 c6 9. Bb2 Na6 10. Re1 Ne4 11. Rc1 Bd7 12. Qd3 Nb4 13. Qb1 Qb6 14. a3 Na6 15. Qc2 Rae8 16. e3 Nf6 17. c5 Qd8 18. Na4 Ne4 19. Nd2 Nxd2 20. Qxd2 Be6 21. cxd6 exd6 22. d5 Bxb2 23. Nxb2 cxd5 24. Na4 b5 25. Nc3 b4 26. axb4 axb4 27. Ne2 Nc5 28. Bxd5 Qf6 29. Nf4 Bf7 30. Rcd1 g5 31. Bxf7+ Qxf7 32. Nd5 Rb8 33. Nxb4 Ne4 34. Qd4 g4 35. Nc6 Rxb3 36. Qd5 Rb2 37. Rf1 Kg7 38. Qxf7+ Rxf7 39. Nd4 Kg6 40. Ra1 Rc7 41. Ra8 Rc5 42. Rg8+ Kf7 43. Ra8 Kg6 44. Rg8+ Kf7 45. Ra8 Kg6 *